 Dungeon Crawl Stone Soup version 0.28-a0-863-g8cecda6153 (webtiles) character file.

Game seed: 1066459865311478215

8379 Peloso the Blocker (level 11, -2/95 HPs)
             Began as a Minotaur Fighter on Nov 17, 2021.
             Was an Elder of Okawaru.
             Slain by a white ugly thing (5 damage)
             ... in an ice cave.
             The game lasted 00:30:22 (11377 turns).

Peloso the Blocker (Minotaur Fighter)              Turns: 11377, Time: 00:30:23

Health: -2/95      AC: 21    Str: 23    XL:     11   Next: 9%
Magic:  0/11       EV:  9    Int:  5    God:    Okawaru [****..]
Gold:   1197       SH: 18    Dex: 11    Spells: 10/10 levels left

rFire   . . .      SeeInvis .   a - +5 double sword (vorpal)
rCold   + + .      Faith    .   c - +0 tower shield
rNeg    . . .      Spirit   +   D - +4 chain mail
rPois   .          Reflect  .   (helmet restricted)
rElec   .          Harm     .   C - +0 cloak {rCorr}
rCorr   +          Rampage  .   (no gloves)
Will    .....                   n - +1 pair of boots
Stlth   ..........              e - amulet of guardian spirit
HPRegen 0.25/turn               g - ring of protection from cold
MPRegen 0.12/turn               x - ring of protection from cold

@: heroic
A: horns 2, retaliatory headbutt
a: Renounce Religion, Heroism, Finesse


You were in an ice cave.
You worshipped Okawaru.
Okawaru was greatly pleased with you.
You visited 2 branches of the dungeon, and saw 11 of its levels.
You also visited: Sewer, Ossuary and Ice Cave.

You collected 1197 gold pieces.

Inventory:

Hand Weapons
 a - a +5 vorpal double sword (weapon)
 b - a +2 dagger of flaming
Armour
 c - a +0 tower shield (worn)
 n - a +1 pair of boots (worn)
 C - a +0 cloak of preservation (worn)
 D - a +4 chain mail (worn)
Jewellery
 e - an amulet of guardian spirit (around neck)
 g - a ring of protection from cold (left hand)
 m - a ring of ice
 r - a ring of see invisible
 x - a ring of protection from cold (right hand)
Wands
 l - a wand of iceblast (11)
 B - a wand of polymorph (6)
Scrolls
 f - 2 scrolls of teleportation
 i - a scroll of immolation
 k - a scroll of fear {unknown}
 o - a scroll of acquirement
 q - 2 scrolls of fog
 u - 2 scrolls of brand weapon
 v - a scroll of magic mapping
 w - 2 scrolls of identify
 A - a scroll of enchant armour
Potions
 d - a potion of might
 h - 4 potions of mutation
 j - a potion of curing
 p - 4 potions of haste
 t - 2 potions of cancellation
 z - a potion of flight


   Skills:
 + Level 8.5(13.5) Fighting
 + Level 11.3(16.3) Long Blades
 + Level 9.8(14.8) Armour
 + Level 3.0(8.0) Dodging
 + Level 2.3(7.3) Stealth
 + Level 11.5(16.5) Shields
 + Level 2.1(7.1) Unarmed Combat
 + Level 2.0 Invocations
 + Level 0.3 Evocations


You had 10 spell levels left.
You didn't know any spells.
Your spell library contained the following spells:

 Spells                   Type           Power      Damage    Failure   Level
 Freeze                   Ice            0%         1d3       100%        1
 Pain                     Necr           0%         1d4       100%        1
 Sandblast                Erth           0%         2d4       100%        1
 Sting                    Tmut/Pois      0%         1d3       100%        1
 Passwall                 Tmut/Erth      0%         N/A       100%        2
 Conjure Flame            Conj/Fire      0%         6-21      100%        3
 Frozen Ramparts          Ice            0%         1d2       100%        3
 Ignite Poison            Fire/Tmut/Pois 0%         N/A       100%        3
 Stone Arrow              Conj/Erth      0%         3d7       100%        3
 Hailstorm                Conj/Ice       0%         3d3       100%        4
 Sticky Flame             Conj/Fire      0%         2d3       100%        4
 Agony                    Necr           0%         N/A       100%        5
 Excruciating Wounds      Necr           0%         N/A       100%        5
 Summon Small Mammal      Summ           Unusable   N/A       N/A         1
 Call Canine Familiar     Summ           Unusable   N/A       N/A         3
 Summon Guardian Golem    Hex/Summ       Unusable   N/A       N/A         3

Dungeon Overview and Level Annotations

Branches:
Dungeon (12/15)            Temple (1/1) D:5           Sewer (visited)
Ossuary (visited)           IceCv (1/1)
   Lair: D:8-11         Orc: D:9-12

Altars:
Ashenzari
Cheibriados
Dithmenos
Elyvilon
Fedhas
Gozag
Hepliaklqana
Kikubaaqudgha
Makhleb
Nemelex Xobeh
Okawaru
Qazlal
Sif Muna
Trog
Vehumet
Wu Jian
Xom
Yredelemnul
Zin
The Shining One

Shops:
D:5 *

Annotations:
D:6 3 runed translucent doors, Gargoyl's ghost, novice GnAK
D:9 3 runed translucent doors, ilii's ghost, journeyman DjFE


Innate Abilities, Weirdness & Mutations

You have a pair of horns on your head.
You reflexively headbutt those who attack you in melee.


Message History

Unknown command.
You hit the white ugly thing but do no damage.
You headbutt the white ugly thing.
The white ugly thing is severely wounded.
You block the white ugly thing's attack.
You block the death yak simulacrum's attack.
The dire elephant simulacrum tramples you.
You hold your ground!
The dire elephant simulacrum trunk-slaps you but does no damage.
The elephant simulacrum tramples you.
* * * LOW HITPOINT WARNING * * *
You hold your ground!
The elephant simulacrum trunk-slaps you but does no damage.
You barely miss the white ugly thing. You headbutt the white ugly thing.
The white ugly thing is almost dead.
You block the white ugly thing's attack.
The death yak simulacrum gores you.
* * * LOW HITPOINT WARNING * * *
The death yak simulacrum freezes you! You resist.
* * * LOW HITPOINT WARNING * * *
You feel much better.
You block the dire elephant simulacrum's attack.
The dire elephant simulacrum trunk-slaps you.
The dire elephant simulacrum freezes you!
You resist.
* * * LOW HITPOINT WARNING * * *
The elephant simulacrum tramples you!
* * * LOW HITPOINT WARNING * * *
You hold your ground!
You block the elephant simulacrum's attack.
The white ugly thing bites you!
* * * LOW HITPOINT WARNING * * *
The white ugly thing freezes you! You resist.
* * * LOW HITPOINT WARNING * * *
You block the death yak simulacrum's attack.
Okay, then.
You closely miss the white ugly thing. You headbutt the white ugly thing!
The white ugly thing is almost dead.
The white ugly thing bites you.
You die...

#......)......#
#....8...8....#
#.............#
#...........#
#...........#
#.....∩.....#
##.........##
##ZuZ∩...##
##@Z...##
#######


You could see a white ugly thing, a death yak simulacrum, an elephant simulacrum
and a dire elephant simulacrum.

Vanquished Creatures
  A boulder beetle (D:7)
  A two-headed ogre (D:12)
  A cyclops (D:7)
  Maurice (D:9)
  A gargoyle (D:12)
  A rime drake (D:12)
  A kobold demonologist (D:12)
  3 polar bears (D:12)
  A shadow (D:12)
  A vampire (D:12)
  8 yaks
  2 steam dragons
  3 orc warriors
  2 ogres
  2 wolves (D:12)
  2 centaurs (D:7)
  2 phantoms
  5 kobold brigands
  A bullfrog (D:4)
  3 scorpions
  A water moccasin zombie (D:5)
  A cane toad simulacrum (IceCv)
  3 killer bees (D:7)
  A howler monkey (D:6)
  A crimson imp (D:5)
  A jelly (D:5)
  2 hounds
  8 centaur zombies
  A gnoll shaman (D:7)
  An orc priest (D:7)
  2 bullfrog skeletons
  4 iguanas
  8 orc wizards
  A wolf simulacrum (IceCv)
  7 mummies
  9 gnolls
  2 howler monkey skeletons
  6 adders
  A shadow imp (D:7)
  A white imp (D:5)
  An ufetubus (D:5)
  A worm (D:5)
  A dart slug (D:3)
  17 orcs
  13 ball pythons
  10 endoplasms
  6 giant cockroaches
  6 goblins
  11 hobgoblins
  7 jackals (Sewer)
  25 kobolds
  4 quokkas
  9 bats
  6 frilled lizards
  A hobgoblin zombie (Ossuary)
  A kobold zombie (D:6)
  An orc zombie (D:6)
  7 rats
230 creatures vanquished.

Vanquished Creatures (others)
  2 fungi (D:2)
  16 plants
18 creatures vanquished.

Grand Total: 248 creatures vanquished

Notes
Turn   | Place    | Note
-------+----------+-------------------------------------------
     0 | D:1      | Peloso the Minotaur Fighter began the quest for the Orb.
     0 | D:1      | Reached XP level 1. HP: 19/19 MP: 0/0
   161 | D:1      | Reached XP level 2. HP: 26/27 MP: 1/1
   178 | D:1      | You fall into a shaft and drop 1 floor!
   552 | D:2      | Reached XP level 3. HP: 33/33 MP: 2/2
   960 | D:2      | Found a faded altar of an unknown god.
   967 | D:2      | Got Plato's Tome of Venom
   990 | D:2      | Reached XP level 4. HP: 25/41 MP: 3/3
  1259 | D:2      | Reached skill level 1 in Dodging
  1652 | D:3      | Identified a scroll of acquirement
  1653 | D:3      | Acquired 711 gold pieces
  1996 | D:3      | Noticed a kobold brigand
  2018 | D:3      | Killed a kobold brigand
  2019 | D:3      | Reached XP level 5. HP: 31/47 MP: 4/4
  2284 | D:3      | Found a radiant altar of Vehumet.
  2545 | D:4      | Reached skill level 5 in Armour
  2612 | D:4      | Reached XP level 6. HP: 40/55 MP: 3/5
  2674 | D:4      | Reached skill level 5 in Fighting
  2674 | D:4      | Reached skill level 5 in Long Blades
  2733 | D:4      | Found a sparkling altar of Nemelex Xobeh.
  3487 | D:4      | Reached XP level 7. HP: 55/61 MP: 6/6
  3983 | D:5      | Entered Level 5 of the Dungeon
  4186 | D:5      | Found a staircase to the Ecumenical Temple.
  4202 | D:5      | Found a glowing drain.
  4219 | Sewer    | Entered a sewer
  5038 | D:5      | Found Citeq's General Store.
  5119 | D:5      | Reached skill level 5 in Shields
  5257 | D:5      | Reached XP level 8. HP: 67/70 MP: 7/7
  5557 | D:6      | Noticed Gargoyl's ghost (novice GnAK)
  5558 | D:6      | Noticed a slime creature
  5566 | D:6      | Found a runed translucent gate.
  5566 | D:6      | Found a runed translucent gate.
  5566 | D:6      | Found a runed translucent gate.
  5799 | D:6      | Found a sand-covered staircase.
  5805 | Ossuary  | Entered an ossuary
  6735 | D:6      | Found a broken altar of Ashenzari.
  7111 | Temple   | Entered the Ecumenical Temple
  7192 | Temple   | Became a worshipper of Warmaster Okawaru
  7911 | D:7      | Noticed a boulder beetle
  8201 | D:7      | Reached * piety under Okawaru
  8202 | D:7      | Reached XP level 9. HP: 75/78 MP: 8/8
  8345 | D:7      | Found a blossoming altar of Fedhas.
  8841 | D:7      | Found a snail-covered altar of Cheibriados.
  9026 | D:7      | HP: 2/79 [boulder beetle (10)]
  9030 | D:7      | Killed a boulder beetle
  9763 | D:7      | Noticed a cyclops
  9781 | D:7      | Killed a cyclops
  9781 | D:7      | Reached ** piety under Okawaru
  9782 | D:7      | Reached skill level 10 in Long Blades
  9782 | D:7      | Reached skill level 1 in Stealth
 10059 | D:8      | Reached skill level 1 in Invocations
 10216 | D:8      | Reached XP level 10. HP: 25/86 MP: 3/10
 10856 | D:9      | Found a runed translucent gate.
 10876 | D:9      | Noticed Maurice
 10878 | D:9      | Reached skill level 10 in Shields
 11028 | D:9      | Killed Maurice
 11028 | D:9      | Reached *** piety under Okawaru
 11051 | D:9      | Found a runed translucent gate.
 11051 | D:9      | Found a runed translucent gate.
 11055 | D:9      | Noticed ilii's ghost (journeyman DjFE)
 11093 | D:9      | Reached skill level 1 in Unarmed Combat
 11158 | D:9      | You fall into a shaft and drop 3 floors!
 11158 | D:12     | Noticed a two-headed ogre
 11160 | D:12     | Noticed a soul eater
 11181 | D:12     | Killed a two-headed ogre
 11185 | D:12     | Noticed a soul eater
 11201 | D:12     | Reached **** piety under Okawaru
 11223 | D:12     | Acquired a +5 vorpal double sword
 11251 | D:12     | Noticed a gargoyle
 11257 | D:12     | Killed a gargoyle
 11291 | D:12     | Found a frozen archway.
 11311 | D:12     | Reached XP level 11. HP: 71/95 MP: 11/11
 11358 | IceCv    | Entered an ice cave
 11358 | IceCv    | Noticed a white ugly thing
 11376 | IceCv    | HP: 3/95 [white ugly thing (9)]
 11377 | IceCv    | Slain by a white ugly thing

Illustrated notes

Levels and vault maps discovered:
D:1:      elethiomel_arrival_shortcut, layout_basic
D:2:      layout_loops_cross, shapermc_ecumenical_altar_rom_forum
D:3:      layout_basic, nicolae_vehumet_altar_sigil, kennysheep_generic_room_14
D:4:      layout_loops_cross, old_standard_altar, kennysheep_generic_room_2
D:5:      layout_basic, minmay_temple_entry_statues_pillars, serial_shops,
          nicolae_shop_waterfront, cheibrodos_sewer_entry_sluice,
          minmay_fire_ice_demons
D:6:      layout_basic, ashenzari_conservatory_becter, gammafunk_ghost_split,
          nicolae_ossuary_entry_giza
D:7:      layout_basic, mainiacjoe_overflow_small_starburst, lemuel_round_altar,
          minmay_small_thing
D:8:      layout_gridville
D:9:      layout_rooms, gammafunk_ghost_spectres, bh_walls_and_bars,
          uniq_maurice, uniq_erolcha, uniq_psyche
D:12:     kennysheep_blocky_hall, layout_irregular_city,
          portal_ice_cave_entry_animals_and_master
Temple:   regret_index_temple_waves
IceCv:    ice_cave_statue_garden_transporter

Skill      XL: |  1  2  3  4  5  6  7  8  9 10 |
---------------+-------------------------------+-----
Fighting       | 4 5 6 7 8 |  8.5
Shields        | 4 5 7 9 11 | 11.5
Armour         | 4 5 6 8 9 |  9.8
Long Blades    | 3 4 6 7 9 10 11 | 11.3
Dodging        | 1 2 3 |  3.0
Stealth        | 1 2 |  2.3
Invocations    | 1 2 |  2.0
Unarmed Combat | 2 |  2.1
Evocations     | |  0.3

Action                   |  1- 3 |  4- 6 |  7- 9 | 10-12 || total
-------------------------+-------+-------+-------+-------++-------
Melee: Long sword        |    83 |   144 |   414 |    89 ||   730
       Headbutt          |    10 |    24 |    88 |    33 ||   155
       Double sword      |       |       |       |    42 ||    42
       Unarmed           |       |       |       |    11 ||    11
Invok: Heroism           |       |       |     4 |     4 ||     8
Evoke: Wand              |       |       |     3 |     1 ||     4
  Use: Potion            |     2 |       |     6 |     1 ||     9
       Scroll            |       |     5 |    12 |     4 ||    21
 Stab: Confused          |       |       |       |     3 ||     3
Armor: Scale mail        |    38 |    34 |       |       ||    72
       Chain mail        |       |    30 |   183 |    56 ||   269
       Plate armour      |       |       |    40 |    23 ||    63
Dodge: Dodged            |    36 |    48 |    94 |    22 ||   200
Block: Buckler           |    19 |    25 |     4 |       ||    48
       Tower shield      |       |       |   342 |   135 ||   477

Table legend: (Time is in decaauts)
 A = Elapsed time spent in this place.
 B = Non-inter-level travel time spent in this place.
 C = Inter-level travel time spent in this place.
 D = Time resting spent in this place.
 E = Time spent auto-exploring this place.
 F = Levels seen in this place.
 G = Mean time per level.
                   A        B        C        D        E       F      G
               +--------+--------+--------+--------+--------+-----+--------+
         Total |  11733 |  11327 |    406 |   2041 |   6239 |  14 |  838.1 |
       Dungeon |  10333 |   9993 |    340 |   1885 |   5813 |  10 | 1033.3 |
        Temple |    153 |     87 |     66 |      0 |      0 |   1 |  153.0 |
         Sewer |    904 |    904 |      0 |      0 |    403 |   1 |  904.0 |
       Ossuary |    325 |    325 |      0 |    156 |     22 |   1 |  325.0 |
      Ice Cave |     17 |     17 |      0 |      0 |      0 |   1 |   17.0 |
               +--------+--------+--------+--------+--------+-----+--------+

Top non-repeatable levels by time:
     D:7: 2506 daAuts
     D:4: 1532 daAuts
     D:6: 1386 daAuts
     D:2: 1183 daAuts
     D:5: 999 daAuts
     D:8: 978 daAuts
     D:3: 925 daAuts
   Sewer: 904 daAuts
     D:1: 435 daAuts
 Ossuary: 325 daAuts
    D:12: 203 daAuts
     D:9: 184 daAuts
  Temple: 153 daAuts
   IceCv: 17 daAuts
